 Dungeon Crawl Stone Soup version 0.19.1 (webtiles) character file.

4187 JeffiDaFish the Shield-Bearer (level 10, -2/63 HPs)
             Began as a Gargoyle Fighter on Dec 3, 2016.
             Was a Priest of Makhleb.
             Slain by elan's ghost (24 damage)
             ... on level 1 of the Lair of Beasts.
             The game lasted 00:20:24 (6609 turns).

JeffiDaFish the Shield-Bearer (Gargoyle Fighter)    Turns: 6609, Time: 00:20:24

Health: -2/63      AC: 27    Str: 23    XL:     10   Next: 29%
Magic:  10/10      EV:  6    Int:  9    God:    Makhleb [***...]
Gold:   482        SH: 11    Dex: 11    Spells: 0 memorised, 9 levels left

rFire  . . .     SeeInvis .     m - +6 falchion of Makhleb's Envy {elec, rC+ Str+2 Stlth+}
rCold  + . .     Gourm    .     u - +0 plate armour
rNeg   + + .     Faith    .     c - +0 shield
rPois  ∞         Spirit   .     (no helmet)
rElec  +         Reflect  .     o - +0 cloak
rCorr  .         Harm     .     e - +0 pair of gloves
MR     .....                    d - +0 pair of boots
Stlth  ..........               (no amulet)
                                j - ring of positive energy
                                k - +3 ring of protection

@: no status effects
A: negative energy resistance 1, electricity resistance, unbreathing,
petrification resistance, rot immunity, AC +7
a: Minor Destruction, Lesser Servant of Makhleb, Renounce Religion


You were on level 1 of the Lair of Beasts.
You worshipped Makhleb.
Makhleb was most pleased with you.
You were not hungry.

You visited 2 branches of the dungeon, and saw 9 of its levels.

You collected 482 gold pieces.

Inventory:

Hand Weapons
 m - the +6 falchion of Makhleb's Envy (weapon) {elec, rC+ Str+2 Stlth+}
   (You found it on level 4 of the Dungeon)

   Occasionally, upon striking a foe, it will discharge some electrical energy
   and cause terrible harm.
   It affects your strength (+2).
   It protects you from cold.
   It makes you more stealthy.
 n - a +2 morningstar
Armour
 c - a +0 shield (worn)
 d - a +0 pair of boots (worn)
 e - a +0 pair of gloves (worn)
 o - a +0 cloak (worn)
 u - a +0 plate armour (worn)
Jewellery
 j - a ring of positive energy (right hand)
 k - a +3 ring of protection (left hand)
Wands
 l - a wand of digging (9/24)
 r - a wand of iceblast (9/15)
Scrolls
 a - a scroll of amnesia
 b - a scroll of blinking
 g - 2 scrolls of remove curse
 y - 3 scrolls of identify
 z - a scroll of silence {unknown}
 A - a scroll of enchant weapon
Potions
 p - a potion of cure mutation
 q - 3 potions of flight
 s - a potion of haste
 v - a potion of curing
 w - a potion of heal wounds
 x - a potion of brilliance
Comestibles
 f - 11 bread rations
 h - 8 meat rations
 i - a beef jerky
 t - 2 fruits


   Skills:
 + Level 7.6 Fighting
 * Level 7.4 Long Blades
 - Level 5.6 Maces & Flails
 + Level 7.1 Armour
 - Level 1.0 Dodging
 + Level 7.9 Shields


You had 9 spell levels left.
You didn't know any spells.

Dungeon Overview and Level Annotations

Branches:
Dungeon (8/15)             Temple (0/1) D:7            Lair (1/6) D:8

Altars:
Ashenzari
Cheibriados
Elyvilon
Hepliaklqana
Makhleb
Okawaru
Qazlal
Sif Muna
Trog
Uskayaw
Vehumet
Xom
The Shining One

Shops:
D:5 (?

Annotations:
Lair:1 elan's ghost, novice TrHu


Innate Abilities, Weirdness & Mutations

You are resistant to torment.
Your stone body is resilient. (AC +7)
You are immune to poison.
You resist negative energy. (rN+)
You are resistant to electric shocks. (rElec)
You can survive without breathing.
You are immune to petrification.
You are immune to rotting.


Message History

Elan's ghost hits you!!
You hit elan's ghost.
Elan's ghost is heavily damaged.
Elan's ghost completely misses you.
Elan's ghost hits you but does no damage.
You closely miss elan's ghost.
Elan's ghost is heavily damaged.
You closely miss elan's ghost.
Elan's ghost is heavily damaged.
You block elan's ghost's attack.
You slash elan's ghost!
There is a sudden explosion of sparks!
Elan's ghost is severely damaged.
You block elan's ghost's attack.
You slash elan's ghost!
Elan's ghost is severely damaged.
Elan's ghost hits you!
You hit elan's ghost.
Elan's ghost is severely damaged.
Elan's ghost hits you!!
You die...

#.. .# .. ##..# .# ...
##P... #.##...
.##.....##.......#
%.##..%..........#
....>............#
.........W.......#
.........@........
..................
##..........(..#
..###..###.............
.........................
.........................
.. ......................
.. ....#.P...#...#$.....
..###..##..P..##..##.....


You could see elan's ghost.

Vanquished Creatures
  A deep elf mage (D:7)
  A komodo dragon (D:8)
  A two-headed ogre (D:8)
  Grinder (D:6)
  Eustachio (D:4)
  The ghost of Letos the Insei, an amateur MfMo (D:3)
  A steam dragon (D:8)
  Menkaure (D:6)
  Duvessa (D:6)
  A porcupine (Lair:1)
  2 orc warriors
  2 sky beasts
  2 ice beasts
  A black bear (D:7)
  A phantom (D:8)
  A centaur (D:8)
  2 ogres
  A crocodile (D:7)
  2 bullfrogs
  Dowan (D:6)
  A howler monkey (D:6)
  4 crimson imps
  3 hounds
  A gnoll shaman (D:7)
  4 orc priests (D:7)
  A jelly (D:6)
  5 orc wizards
  Crazy Yiuf (D:6)
  2 iguanas
  6 worker ants
  A killer bee zombie (D:6)
  3 hound skeletons
  A howler monkey zombie (D:8)
  8 gnolls
  8 adders
  An ooze (D:5)
  6 worms
  3 dart slugs
  7 leopard geckos
  25 orcs
  7 giant cockroaches
  6 goblins
  6 hobgoblins
  12 jackals
  3 quokkas
  6 bats
  5 frilled lizards
  4 kobolds
  2 quokka skeletons
  11 rats
  2 fungi (D:6)
  A plant (D:8)
181 creatures vanquished.

Vanquished Creatures (others)
  A wizard (D:4)
  A plant (D:8)
2 creatures vanquished.

Grand Total: 183 creatures vanquished

Notes
Turn   | Place    | Note
-------+----------+-------------------------------------------
     0 | D:1      | JeffiDaFish the Gargoyle Fighter began the quest for the Orb.
     0 | D:1      | Reached XP level 1. HP: 14/14 MP: 1/1
   215 | D:1      | Reached XP level 2. HP: 16/19 MP: 2/2
   855 | D:2      | Reached XP level 3. HP: 24/24 MP: 3/3
  1458 | D:2      | Reached XP level 4. HP: 27/29 MP: 4/4
  2169 | D:2      | Reached XP level 5. HP: 33/33 MP: 5/5
  2262 | D:3      | Noticed Letos's ghost (amateur MfMo)
  2276 | D:3      | Killed Letos's ghost
  2276 | D:3      | Reached XP level 6. HP: 21/38 MP: 6/6
  2449 | D:3      | Found a hide-covered altar of Uskayaw.
  2602 | D:3      | Found an iron altar of Okawaru.
  2695 | D:3      | Found a shimmering altar of Xom.
  2695 | D:3      | Found a snail-covered altar of Cheibriados.
  2943 | D:3      | Reached skill level 5 in Shields
  2953 | D:3      | Found a burning altar of Makhleb.
  2959 | D:3      | Became a worshipper of Makhleb the Destroyer
  3001 | D:3      | You fall through a shaft for 3 floors!
  3014 | D:6      | Noticed an ice beast
  3019 | D:5      | Entered Level 5 of the Dungeon
  3034 | D:5      | Killed an ice beast
  3034 | D:5      | Reached skill level 5 in Maces & Flails
  3034 | D:5      | Reached XP level 7. HP: 32/43 MP: 7/7
  3064 | D:5      | Reached skill level 1 in Dodging
  3334 | D:4      | Got a bloodstained falchion
  3335 | D:4      | Identified the +6 falchion of Makhleb's Envy {elec, rC+ Str+2 Stlth+} (You found it on level 4 of the Dungeon)
  3372 | D:4      | Found a stormy altar of Qazlal.
  3396 | D:4      | Reached skill level 1 in Long Blades
  3851 | D:4      | Reached * piety under Makhleb
  3872 | D:4      | Reached XP level 8. HP: 45/48 MP: 8/8
  3916 | D:4      | Found a bloodstained altar of Trog.
  3918 | D:4      | Noticed a wizard
  3919 | D:4      | Noticed Eustachio
  3924 | D:4      | Killed a wizard
  3929 | D:4      | Killed Eustachio
  3981 | D:4      | Found a glowing golden altar of the Shining One.
  4228 | D:5      | Found Duhes's Antique Weapon Shop.
  4267 | D:5      | Got a fine marble ring
  4268 | D:5      | Identified the cursed ring of Ecvo {rPois Str-3 Int+3} (You found it on level 5 of the Dungeon)
  4270 | D:5      | Found Utti's Magic Scroll Shoppe.
  4462 | D:6      | Noticed Grinder
  4463 | D:6      | Paralysed by Grinder for 7 turns
  4473 | D:6      | Paralysed by Grinder for 4 turns
  4477 | D:6      | Killed Grinder
  4477 | D:6      | Reached skill level 5 in Fighting
  4477 | D:6      | Reached skill level 5 in Armour
  4635 | D:6      | Noticed Dowan
  4636 | D:6      | Noticed Duvessa
  4644 | D:6      | Killed Duvessa
  4651 | D:6      | Noticed Menkaure
  4658 | D:6      | Killed Dowan
  4699 | D:6      | Killed Menkaure
  4699 | D:6      | Reached ** piety under Makhleb
  4699 | D:6      | Reached XP level 9. HP: 55/55 MP: 9/9
  4787 | D:6      | Reached skill level 5 in Long Blades
  5101 | D:6      | Found a runed door.
  5105 | D:6      | Noticed Crazy Yiuf
  5108 | D:6      | Killed Crazy Yiuf
  5139 | D:7      | Found a radiant altar of Vehumet.
  5162 | D:7      | Found a hazy altar of Hepliaklqana.
  5194 | D:7      | Found a white marble altar of Elyvilon.
  5247 | D:7      | Found a staircase to the Ecumenical Temple.
  5761 | D:7      | Found a deep blue altar of Sif Muna.
  5782 | D:7      | Noticed a deep elf mage
  5789 | D:7      | Killed a deep elf mage
  5874 | D:8      | Noticed a two-headed ogre
  5883 | D:8      | Killed a two-headed ogre
  6075 | D:8      | Reached XP level 10. HP: 63/63 MP: 10/10
  6179 | D:8      | Reached *** piety under Makhleb
  6351 | D:8      | Found a staircase to the Lair.
  6406 | D:8      | Found a shattered altar of Ashenzari.
  6556 | Lair:1   | Entered Level 1 of the Lair of Beasts
  6598 | Lair:1   | Noticed elan's ghost (novice TrHu)
  6609 | Lair:1   | Slain by elan's ghost

Skill      XL: |  1  2  3  4  5  6  7  8  9 10 |
---------------+-------------------------------+-----
Shields        | 4 5 6 7 |  7.9
Maces & Flails | 3 4 5 |  5.6
Fighting       | 4 5 7 |  7.6
Armour         | 4 5 6 7 |  7.1
Dodging        | 1 |  1.0
Long Blades    | 2 4 6 7 |  7.4

Action                   |  1- 3 |  4- 6 |  7- 9 | 10-12 || total
-------------------------+-------+-------+-------+-------++-------
Melee: Flail             |   139 |   181 |    65 |       ||   385
       Falchion          |       |       |   232 |    81 ||   313
  Use: Scroll            |     5 |     1 |     7 |       ||    13
       Potion            |       |     2 |     7 |     1 ||    10
  Eat: Chunk             |     2 |     5 |    11 |     2 ||    20
Armor: Scale mail        |    90 |    55 |       |       ||   145
       Chain mail        |       |    42 |   170 |       ||   212
       Plate armour      |       |       |    25 |    36 ||    61
Dodge: Dodged            |    61 |    42 |    76 |    14 ||   193
Block: Shield            |    87 |    85 |   162 |    26 ||   360
       Rpst.: Falchion   |       |       |    17 |     5 ||    22
